 Dungeon Crawl Stone Soup version 0.17.1-1-g73c8601 (webtiles) character file.

147 schauveau the Skirmisher (level 5, -1/34 HPs)
             Began as a Gargoyle Berserker on Jan 8, 2016.
             Was a Believer of Trog.
             Killed by divine providence
             ... invoked by an orc priest
              (13 damage)
             ... on level 3 of the Dungeon.
             The game lasted 00:04:06 (1630 turns).

schauveau the Skirmisher (Gargoyle Berserker)       Turns: 1630, Time: 00:04:06

Health: -1/34      AC:  7    Str: 21    XL:     5   Next: 29%
Magic:  5/5        EV: 12    Int:  8    God:    Trog [**....]
Gold:   90         SH:  0    Dex:  9    Spells: 0 memorised, 4 levels left

rFire  . . .     SeeInvis .     a - +0 hand axe
rCold  . . .     Clarity  .     b - +0 animal skin
rNeg   + . .     SustAt   .     (no shield)
rPois  ∞         Gourm    .     (no helmet)
rElec  +         Spirit   .     o - +0 cloak
rCorr  .         Warding  .     (no gloves)
rMut   .         Stasis   .     (no boots)
MR     .....                    (no amulet)
Stlth  +.........               (no ring)
                                (no ring)

@: exhausted, slowed, very slow, not resistant to hostile enchantments, very
unstealthy
A: negative energy resistance 1, electricity resistance, unbreathing,
petrification resistance, rot immunity, AC +4
a: Berserk, Trog's Hand, Burn Spellbooks, Renounce Religion


You were on level 3 of the Dungeon.
You worshipped Trog.
Trog was pleased with you.
You were very hungry.

You visited 1 branch of the dungeon, and saw 3 of its levels.

You collected 90 gold pieces.

Inventory:

Hand Weapons
 a - a +0 hand axe (weapon)
Armour
 b - a +0 animal skin (worn)
 o - a +0 cloak (worn)
Scrolls
 e - a scroll of identify {unknown}
 f - a scroll of remove curse {unknown}
 h - 2 scrolls of enchant weapon {unknown}
 i - a scroll of immolation {unknown}
 j - a scroll of teleportation {unknown}
 n - a scroll of blinking
Potions
 d - a potion of haste {unknown}
 k - a potion of lignification {unknown}
 l - a potion of degeneration {unknown}
 m - a potion of curing
 q - a potion of heal wounds {unknown}
 r - a potion of magic {unknown}
Comestibles
 c - 3 bread rations
 g - a meat ration


   Skills:
 + Level 4.5 Fighting
 * Level 3.4 Axes
 + Level 2.9 Armour
 - Level 2.6 Dodging


You had 4 spell levels left.
You didn't know any spells.

Dungeon Overview and Level Annotations

Branches:
Dungeon (3/15)

Altars:
Fedhas
Nemelex Xobeh


Innate Abilities, Weirdness & Mutations

You are resistant to torment.
Your stone body is resilient (AC +4).
You are immune to poison.
You resist negative energy.
You are resistant to electric shocks.
You can survive without breathing.
You are immune to petrification.
You are immune to rotting.


Message History

The orc priest barely misses you.
You closely miss the orc priest.
The orc priest is severely wounded.
The orc priest closely misses you. The orc priest barely misses you.
You hit the orc priest but do no damage.
The orc priest is severely wounded.
The orc priest hits you but does no damage.
The orc priest calls down the wrath of Beogh upon you.
Pain shoots through your body!
* * * LOW HITPOINT WARNING * * *
You closely miss the orc priest.
The orc priest is severely wounded.
The orc priest hits you with a dagger.
* * * LOW HITPOINT WARNING * * *
Drink which item? (? for menu, Esc to quit)
You feel better.
The orc priest hits you but does no damage.
The orc priest invokes the aid of Beogh against you.
Something smites you!
You die...

#############
#.oo@........
#..##'######
#. #.......#
# #.......#
#.......#
#...<<..#
#.......#
#.......#
#.......+


You could see an orc priest and an orc.

Vanquished Creatures
  Crazy Yiuf (D:2)
  Ijyb (D:2)
  An orc wizard (D:3)
  An adder (D:2)
  2 oozes (D:1)
  2 giant geckos (D:1)
  An orc (D:3)
  7 hobgoblins
  4 kobolds
  A ball python (D:1)
  4 bats
  2 giant cockroaches
  2 giant newts (D:1)
  5 goblins
  6 jackals
  3 rats (D:1)
43 creatures vanquished.

Notes
Turn   | Place    | Note
--------------------------------------------------------------
     0 | D:1      | schauveau the Gargoyle Berserker began the quest for the Orb.
     0 | D:1      | Reached XP level 1. HP: 14/14 MP: 1/1
    41 | D:2      | Noticed Ijyb
   120 | D:1      | Reached XP level 2. HP: 19/19 MP: 2/2
   346 | D:1      | Reached XP level 3. HP: 21/24 MP: 3/3
   380 | D:2      | Reached ** piety under Trog
   662 | D:1      | You fall through a shaft!
   672 | D:2      | Noticed Crazy Yiuf
   680 | D:2      | Killed Crazy Yiuf
   680 | D:2      | Reached skill level 4 in Fighting
   680 | D:2      | Reached XP level 4. HP: 29/29 MP: 4/4
   742 | D:2      | Killed Ijyb
   887 | D:2      | Found a sparkling altar of Nemelex Xobeh.
  1058 | D:2      | Found a blossoming altar of Fedhas.
  1243 | D:1      | Reached XP level 5. HP: 34/34 MP: 5/5
  1630 | D:3      | Killed from afar by an orc priest

Action                   |  1- 3 |  4- 6 || total
-------------------------+-------+-------++-------
Melee: Hand axe          |    85 |    84 ||   169
Invok: Berserk           |     1 |     1 ||     2
  Use: Scroll            |     1 |       ||     1
       Potion            |       |     2 ||     2
  Eat: Chunk             |       |     2 ||     2
       Beef jerky        |       |     1 ||     1
